 Dungeon Crawl Stone Soup version 0.18-a0-1485-g189885c (webtiles) character file.

18795 Tomstefer the Severer (level 12, -1/162 HPs)
             Began as a Hill Orc Gladiator on Mar 3, 2016.
             Was a High Priest of Okawaru.
             Slain by a 12-headed hydra (2 damage)
             ... on level 1 of the Lair of Beasts.
             The game lasted 00:27:35 (11977 turns).

Tomstefer the Severer (Hill Orc Gladiator)         Turns: 11977, Time: 00:27:36

Health: -1/162     AC: 25    Str: 25 (26) XL:     12   Next: 62%
Magic:  12/12      EV:  8    Int:  9 (11) God:    Okawaru [*****.]
Gold:   646        SH: 12    Dex: 12 (15) Spells: 0 memorised, 11 levels left

rFire  . . .     SeeInvis .     Q - +1 broad axe
rCold  . . .     Gourm    .     i - +0 chain mail
rNeg   . . .     Faith    .     T - +0 shield
rPois  +         Spirit   .     E - +2 helmet {Int+3}
rElec  .         Dismiss  .     J - +2 cloak {rPois}
rCorr  .         Reflect  .     W - +1 pair of gloves
SustAt .         Harm     .     j - +0 pair of boots
MR     .....                    (no amulet)
Stlth  ..........               D - +2 ring of dexterity
                                r - +3 ring of protection

@: berserking, very quick, not resistant to hostile enchantments, extremely
unstealthy
A: no striking features
a: Heroism, Finesse, Renounce Religion


You were on level 1 of the Lair of Beasts.
You worshipped Okawaru.
Okawaru was extremely pleased with you.
You were not hungry.

You visited 3 branches of the dungeon, and saw 13 of its levels.

You collected 646 gold pieces.

Inventory:

Hand Weapons
 y - a +0 hand axe of electrocution
 Q - a +1 broad axe (weapon)
Missiles
 d - 3 throwing nets (quivered)
Armour
 i - a +0 chain mail (worn)
 j - a +0 pair of boots (worn)
 E - a +2 helmet of intelligence (worn)
 J - a +2 cloak of poison resistance (worn)
 T - a +0 shield (worn)
 W - a +1 pair of gloves (worn)
Jewellery
 r - a +3 ring of protection (left hand)
 D - a +2 ring of dexterity (right hand)
 O - an uncursed ring of protection from fire
Wands
 g - a wand of lightning (0/15)
 A - a wand of polymorph (3/24)
 F - a wand of confusion (23/48)
 K - a wand of polymorph (17/24)
Scrolls
 e - 9 scrolls of remove curse
 l - 3 scrolls of magic mapping
 m - 4 scrolls of fog
 n - 9 scrolls of teleportation
 s - 4 scrolls of fear
 w - a scroll of amnesia
 L - a scroll of enchant weapon
 N - a scroll of recharging
Potions
 c - a potion of curing
 H - 3 potions of might
 M - a potion of heal wounds
Comestibles
 b - 6 chunks of flesh
 f - 8 bread rations
 h - 2 beef jerkies
 o - 15 fruits
 p - 4 meat rations
 S - a royal jelly


   Skills:
 + Level 10.8 Fighting
 * Level 15.7 Axes
 - Level 1.7 Throwing
 + Level 9.6 Armour
 - Level 2.4 Dodging
 - Level 10.1 Shields


You had 11 spell levels left.
You didn't know any spells.

Dungeon Overview and Level Annotations

Branches:
Dungeon (11/15)            Temple (1/1) D:6            Lair (1/8) D:10
    Orc (0/2) D:9

Altars:
Ashenzari
Cheibriados
Dithmenos
Elyvilon
Fedhas
Gozag
Kikubaaqudgha
Makhleb
Okawaru
Pakellas
Qazlal
Ru
Trog
Vehumet
Xom
Yredelemnul
Zin
The Shining One

Shops:
D:3 *   D:4 =

Annotations:
D:11 Amnesiac's ghost, journeyman OgAM


Message History

* * * LOW HITPOINT WARNING * * *
The 11-headed hydra bites you but does no damage.
You block the 11-headed hydra's attack.
The 11-headed hydra bites you but does no damage. x5
You block the 11-headed hydra's attack. The 11-headed hydra misses you.
You hack one of the 11-headed hydra's heads off!
The ten-headed hydra grows two more!
You slice the 12-headed hydra!!
The 12-headed hydra is almost dead.
The 12-headed hydra closely misses you. The 12-headed hydra barely misses you.
You block the 12-headed hydra's attack.
The 12-headed hydra bites you but does no damage.
The 12-headed hydra bites you.
* * * LOW HITPOINT WARNING * * *
You block the 12-headed hydra's attack. The 12-headed hydra bites you!
* * * LOW HITPOINT WARNING * * *
The 12-headed hydra bites you!
* * * LOW HITPOINT WARNING * * *
The 12-headed hydra bites you but does no damage. x2
The 12-headed hydra bites you.
You die...

.....<# ......## #.. ..>..
.......# #.# ..#... ......##
#.#########.#.#... .......#
#..#..#........... .......##
#####.............≈≈≈≈ ........#
#.................≈≈≈≈ .......##
#.................≈≈≈≈
.......#####....@D...........≈≈≈≈
..................###P.......≈≈≈≈
............>##.### ##.......≈≈≈≈
.............#### #...........
........##.#.P# #...........
##.............# #.##.P#####.
#..............# ####### ##
#.............## #.............#


You could see a 12-headed hydra.

Vanquished Creatures
  Gastronok (D:8)
  A hill giant (D:10)
  Joseph (D:7)
  A spiny frog (D:9)
  A komodo dragon (D:10)
  3 trolls
  Grinder (D:4)
  Prince Ribbit (D:7)
  A blink frog (D:10)
  Sigmund (D:2)
  A spriggan (D:7)
  Eustachio (D:4)
  A steam dragon (D:10)
  3 hippogriffs
  A hungry ghost (D:9)
  Menkaure (D:4)
  2 water moccasins
  A porcupine (Lair:1)
  An orc warrior (D:8)
  3 ice beasts (D:6)
  A sky beast (D:8)
  A wasp (D:9)
  2 phantoms
  A necrophage (D:7)
  7 ogres
  2 crocodiles
  7 centaurs
  A wyvern zombie (D:3)
  2 big kobolds (D:10)
  5 giant frogs
  A gnoll sergeant (D:10)
  A water moccasin zombie (D:10)
  3 scorpions
  11 killer bees
  A howler monkey (D:5)
  9 crimson imps
  A jelly (D:9)
  6 hounds
  3 orc priests
  Crazy Yiuf (D:7)
  11 orc wizards
  2 centaur skeletons (D:5)
  4 worker ants
  3 iguanas
  3 hound skeletons
  A worker ant zombie (D:9)
  Robin (D:2)
  5 gnolls (D:10)
  11 adders
  A shadow imp (D:5)
  An ooze (D:3)
  An adder skeleton (D:6)
  2 worms (D:3)
  A dart slug (D:1)
  4 giant geckos
  40 orcs
  4 giant cockroaches
  17 goblins
  7 hobgoblins
  19 jackals
  4 quokkas
  2 ball pythons
  8 bats
  A giant gecko zombie (D:5)
  A giant newt (D:2)
  A jackal zombie (D:6)
  15 kobolds
  A quokka skeleton (D:6)
  2 quokka zombies
  6 rats
  2 fungi (D:7)
274 creatures vanquished.

Vanquished Creatures (others)
  2 jackals (D:3)
  A fungus (Lair:1)
  A plant (Lair:1)
4 creatures vanquished.

Grand Total: 278 creatures vanquished

Notes
Turn   | Place    | Note
--------------------------------------------------------------
     0 | D:1      | Tomstefer the Hill Orc Gladiator began the quest for the Orb.
     0 | D:1      | Reached XP level 1. HP: 18/18 MP: 1/1
   316 | D:1      | Reached XP level 2. HP: 15/25 MP: 2/2
   801 | D:2      | Noticed Robin
  1020 | D:1      | Reached XP level 3. HP: 21/31 MP: 3/3
  1241 | D:2      | Killed Robin
  1241 | D:2      | Reached skill level 1 in Armour
  1242 | D:2      | Reached skill level 5 in Axes
  1330 | D:2      | Reached XP level 4. HP: 28/38 MP: 4/4
  1627 | D:2      | Found a faded altar to an unknown god.
  1717 | D:2      | Noticed Sigmund
  1730 | D:2      | Killed Sigmund
  1730 | D:2      | Reached skill level 6 in Axes
  1730 | D:2      | Reached XP level 5. HP: 35/47 MP: 5/5
  1730 | D:2      | Reached XP level 6. HP: 39/53 MP: 6/6
  1935 | D:3      | Found a snail-covered altar of Cheibriados.
  1945 | D:3      | Reached skill level 7 in Axes
  2002 | D:3      | Found an opulent altar of Gozag.
  2006 | D:3      | Found Gozag's Platinum Reserve.
  2143 | D:3      | Reached XP level 7. HP: 26/60 MP: 7/7
  2717 | D:3      | Found a shimmering altar of Xom.
  2875 | D:3      | Reached skill level 5 in Fighting
  2921 | D:4      | Noticed Eustachio
  3182 | D:4      | Killed Eustachio
  3182 | D:4      | Reached skill level 8 in Axes
  3195 | D:4      | Found Raimoez's Jewellery Shoppe.
  3343 | D:4      | Noticed Grinder
  3355 | D:4      | Paralysed by Grinder for 3 turns
  3376 | D:4      | Paralysed by Grinder for 7 turns
  3397 | D:4      | Noticed Menkaure
  3492 | D:5      | Entered Level 5 of the Dungeon
  3812 | D:4      | Killed Grinder
  3812 | D:4      | Reached skill level 9 in Axes
  3812 | D:4      | Reached XP level 8. HP: 57/70 MP: 8/8
  3866 | D:4      | Killed Menkaure
  3866 | D:4      | Reached skill level 5 in Armour
  4662 | D:5      | Reached skill level 10 in Axes
  5015 | D:5      | Found a stormy altar of Qazlal.
  5018 | D:5      | Noticed a water elemental
  5018 | D:5      | Noticed an air elemental
  5468 | D:5      | Reached XP level 9. HP: 71/79 MP: 9/9
  5522 | D:5      | Reached skill level 11 in Axes
  5555 | D:6      | Found a glowing golden altar of the Shining One.
  5557 | D:6      | Found a glowing silver altar of Zin.
  5562 | D:6      | Found a white marble altar of Elyvilon.
  6062 | D:6      | Found a staircase to the Ecumenical Temple.
  6186 | Temple   | Entered the Ecumenical Temple
  6222 | Temple   | Became a worshipper of Warmaster Okawaru
  6264 | D:6      | Found a sacrificial altar of Ru.
  6778 | D:7      | Noticed Prince Ribbit
  6862 | D:7      | Reached skill level 12 in Axes
  6874 | D:7      | Killed Prince Ribbit
  6874 | D:7      | Reached * piety under Okawaru
  7353 | D:7      | Noticed Joseph
  7368 | D:7      | Killed Joseph
  7606 | D:7      | Reached XP level 10. HP: 79/90 MP: 10/10
  7634 | D:7      | Reached ** piety under Okawaru
  7634 | D:7      | Reached skill level 13 in Axes
  7744 | D:7      | Noticed Crazy Yiuf
  7747 | D:7      | Killed Crazy Yiuf
  7865 | D:8      | Noticed Gastronok
  7923 | D:8      | Killed Gastronok
  7923 | D:8      | Reached *** piety under Okawaru
  7923 | D:8      | Reached skill level 14 in Axes
  8664 | D:8      | Found a shadowy altar of Dithmenos.
  8821 | D:9      | Reached skill level 10 in Fighting
  8925 | D:9      | Found a staircase to the Orcish Mines.
  9008 | D:9      | Reached XP level 11. HP: 91/99 MP: 11/11
  9128 | D:9      | Reached skill level 1 in Shields
  9220 | D:9      | Reached **** piety under Okawaru
  9399 | D:9      | Reached skill level 15 in Axes
  9415 | D:9      | Found a radiant altar of Vehumet.
  9424 | D:9      | Found an oddly glowing altar of Pakellas.
  9424 | D:9      | Found a burning altar of Makhleb.
  9429 | D:9      | Found an ancient bone altar of Kikubaaqudgha.
  9432 | D:9      | Found a shattered altar of Ashenzari.
  9433 | D:9      | Found a bloodstained altar of Trog.
  9594 | D:10     | Entered Level 10 of the Dungeon
 10254 | D:10     | Noticed a hill giant
 10761 | D:10     | Found a staircase to the Lair.
 10799 | D:10     | Killed a hill giant
 10799 | D:10     | Reached ***** piety under Okawaru
 11388 | D:10     | Gained mutation: You have a pair of small antennae on your head. [potion of beneficial mutation]
 11513 | D:10     | Reached skill level 10 in Shields
 11513 | D:10     | Reached XP level 12. HP: 108/108 MP: 12/12
 11514 | D:10     | Lost mutation: You have a pair of small antennae on your head. [potion of cure mutation]
 11562 | D:11     | Noticed Amnesiac's ghost (journeyman OgAM)
 11862 | Lair:1   | Entered Level 1 of the Lair of Beasts
 11939 | Lair:1   | Noticed an eight-headed hydra
 11977 | Lair:1   | HP: 1/162 [12-headed hydra (9)]
 11977 | Lair:1   | Slain by a 12-headed hydra

Vault maps used:
D:1:      scummos_arrival_star, minmay_misc_feat_four_crosses
D:2:      first_bread, ecumenical_altar_1, uniq_robin, uniq_sigmund
D:3:      nicolae_gozag_zags_fifth_avenue, old_standard_altar, marbit_many_paths
D:4:      serial_shops, shop, uniq_eustachio, uniq_grinder, uniq_menkaure
D:5:      nicolae_qazlal_style_of_elements
D:6:      good_gods_mini_temple, lemuel_coloured_pillars_altar,
          minmay_temple_entry_statues
D:7:      the_bakery, uniq_crazy_yiuf_cottage, uniq_joseph, uniq_prince_ribbit1
D:8:      nicolae_overflow_crystal_walls, grunt_potential, uniq_gastronok
D:9:      grunt_temple_overflow_open, orc_0_dummy, minmay_misc_feat_tower
D:10:     dpeg_lair_monsters
D:11:     serial_shops, nicolae_shop_waterfront
Temple:   hc_temple_tempest_star_small
Lair:1:   serial_bayou_shore_a

Skill      XL: |  1  2  3  4  5  6  7  8  9 10 11 |
---------------+----------------------------------+-----
Fighting       | 3 4 5 7 8 10 | 10.8
Armour         | 1 2 3 4 5 7 8 9 |  9.6
Axes           | 5 6 7 9 10 12 14 15 | 15.7
Shields        | 10 | 10.1
Throwing       | |  1.7
Dodging        | |  2.4

Action                   |  1- 3 |  4- 6 |  7- 9 | 10-12 || total
-------------------------+-------+-------+-------+-------++-------
Melee: War axe           |    82 |   134 |   166 |       ||   382
       Hand axe          |       |       |   267 |   144 ||   411
       Broad axe         |       |       |       |   369 ||   369
Invok: Heroism           |       |       |       |     1 ||     1
Evoke: Wand              |       |       |       |     7 ||     7
  Use: Scroll            |     1 |       |     1 |    15 ||    17
       Potion            |       |     2 |     2 |    11 ||    15
  Eat: Chunk             |     1 |     3 |    14 |    16 ||    34
       Bread ration      |       |       |     1 |       ||     1
